 Dungeon Crawl Stone Soup version 0.21.1-1-g345015f (webtiles) character file.

359405 toffzen the Impregnable (level 21, -10/183 HPs)
             Began as a Minotaur Warper on June 15, 2018.
             Was the Champion of Hepliaklqana.
             Hit by a large rock thrown by a stone giant (32 damage)
             ... on level 5 of the Vaults on June 18, 2018.
             The game lasted 03:39:12 (60710 turns).

toffzen the Impregnable (Minotaur Warper)          Turns: 60710, Time: 03:39:12

Health: -10/183    AC: 32    Str: 25    XL:     21   Next: 45%
Magic:  0/26       EV: 23    Int: 10    God:    Hepliaklqana [******]
Gold:   3120       SH:  4    Dex: 18    Spells: 22/22 levels left

rFire    . . .     SeeInvis .   x - +1 battleaxe (vamp)
rCold    . . .     Gourm    .   (shield currently unavailable)
rNeg     . . .     Faith    .   D - +3 crystal plate armour of Objectivity {+Blink rPois rF- MR++}
rPois    +         Spirit   +   p - +1 hat
rElec    .         Reflect  +   C - scarf {Spirit}
rCorr    .         Harm     .   N - +1 pair of gloves of Restlessness {rPois Dex+2}
MR       +++..                  H - +2 pair of boots
Stlth    ..........             J - +4 amulet of reflection
HPRegen  0.40/turn              R - ring of protection from fire
MPRegen  0.20/turn              e - +5 ring of evasion

@: mighty, lethally poisoned (-10 -> -37), flayed, very slightly contaminated,
hasted, studying Armour, very quick
A: retaliatory headbutt, reduced essence, horns 2, deformed body
}: 2/15 runes: serpentine, barnacled
a: Recall Ancestor, Ancestor Identity, Transference, Idealise, Renounce
Religion, Evoke Blink


You were on level 5 of the Vaults.
You worshipped Hepliaklqana.
Hepliaklqana was exalted by your worship.
You were completely stuffed.

You visited 7 branches of the dungeon, and saw 38 of its levels.
You visited the Abyss 1 time.
You also visited: Sewer and Volcano.

You collected 4642 gold pieces.
You spent 1522 gold pieces at shops.

Inventory:

Hand Weapons
 a - a +7 battleaxe of electrocution
 b - a +2 antimagic battleaxe
 x - a +1 vampiric battleaxe (weapon)
 T - the +3 broad axe "Hewn" {drain, Str+6 Stlth-}
   (You bought it in a shop on level 12 of the Dungeon)

   A truly terrible weapon, it drains the life of those it strikes.
   It affects your strength (+6).
   It makes you less stealthy.
Missiles
 g - 1348 stones (quivered)
 n - 6 throwing nets
Armour
 l - a +0 cloak of magic resistance
 p - a +1 hat (worn)
 C - a scarf of spirit shield (worn)
 D - the +3 crystal plate armour of Objectivity (worn) {+Blink rPois rF- MR++}
   (You acquired it on level 1 of the Vaults)

   It makes you vulnerable to fire.
   It protects you from poison.
   It affects your resistance to hostile enchantments.
   It lets you blink.
 H - a +2 pair of boots (worn)
 N - the +1 pair of gloves of Restlessness (worn) {rPois Dex+2}
   (You found it on level 6 of the Lair of Beasts)

   It affects your dexterity (+2).
   It protects you from poison.
Jewellery
 c - an uncursed ring of resist corrosion
 e - a +5 ring of evasion (right hand)
 y - an uncursed ring of see invisible
 J - a +4 amulet of reflection (around neck)
 R - a ring of protection from fire (left hand)
 V - the amulet of the Salmon {rPois MR+ Regen+ Int+3 Dex+4}
   (You found it on level 6 of the Lair of Beasts)

   [amulet of regeneration]

   It affects your intelligence (+3).
   It affects your dexterity (+4).
   It protects you from poison.
   It affects your resistance to hostile enchantments.
   It increases your rate of regeneration.
Wands
 O - a wand of flame (92)
 U - a wand of polymorph (17)
 W - a wand of digging (18)
Scrolls
 h - 10 scrolls of teleportation
 m - 5 scrolls of vulnerability
 q - 3 scrolls of fog
 s - a scroll of holy word
 t - 3 scrolls of fear
 u - 8 scrolls of remove curse
 w - 7 scrolls of enchant armour
 B - a scroll of brand weapon
 G - 4 scrolls of magic mapping
 M - 2 scrolls of identify
Potions
 i - a potion of haste
 j - a potion of resistance
 k - 7 potions of flight
 r - 3 potions of ambrosia
 z - a potion of might
 A - 12 potions of curing
 E - 2 potions of heal wounds
 I - 8 potions of mutation
 L - 5 potions of invisibility
 P - 2 potions of cancellation
 Q - 7 potions of brilliance
 S - 5 potions of lignification
 X - 6 potions of berserk rage
 Y - 2 potions of magic
Books
 K - a manual of Armour
Miscellaneous
 d - a lightning rod (4/4)
 v - a box of beasts
 F - 2 phantom mirrors
 Z - a sack of spiders
Comestibles
 f - 31 rations


   Skills:
 + Level 21.2 Fighting
 + Level 21.8 Axes
 - Level 1.0 Throwing
 + Level 22.4 Armour
 + Level 19.7 Dodging
   Level 4.0 Shields
 - Level 1.3 Spellcasting
   Level 2.1 Translocations
 - Level 8.0 Invocations
 + Level 6.2 Evocations


You had 22 spell levels left.
You didn't know any spells.

Dungeon Overview and Level Annotations

Branches:
Dungeon (15/15)            Temple (0/1) D:6            Lair (6/6) D:10
 Shoals (4/4) Lair:3        Snake (4/4) Lair:2        Slime (0/5) Lair:6
    Orc (2/2) D:10            Elf (2/3) Orc:2        Vaults (5/5) D:14
  Crypt (0/3) Vaults:3     Depths (0/5) D:15

Altars:
Dithmenos
Elyvilon
Hepliaklqana
Kikubaaqudgha
Nemelex Xobeh
Okawaru
Sif Muna
Uskayaw
Vehumet
Xom
Yredelemnul
Zin
Beogh
Jiyva

Shops:
D:7 *   D:12 *?*(!   Orc:2 [*:   Snake:2 !   Vaults:2 }   Vaults:4 =

Portals:
Trove: Vaults:3 (give 8 potions of agility)

Annotations:
D:3 toffzen's ghost, amateur GnWn
D:5 Blork the orc
Lair:6 1 runed door


Innate Abilities, Weirdness & Mutations

You reflexively headbutt those who attack you in melee.
You have a pair of horns on your head.
Your life essence is reduced to manifest your ancestor. (-10% HP)
Armour fits poorly on your strangely shaped body.


Message History

The ironheart preserver is no longer paralysed.
Unknown command.
You slice the frost giant!!
You feel better.
The frost giant is almost dead.
You closely miss the vault guard.
You kill the ironheart preserver!
The frost giant gestures at you while chanting.
The bolt of cold hits you!
* * * LOW HITPOINT WARNING * * *
The glaive of venom hits you from afar!!
* * * LOW HITPOINT WARNING * * *
You are lethally poisoned!
Unknown command.
You slice the frost giant!!
You feel better.
You kill the frost giant!
You slash the vault guard!
You kill the vault guard!
* * * LOW HITPOINT WARNING * * *
You feel sick.
The stone giant throws a large rock.
The large rock hits you!!
You die...

p..........
#####s.......##
.......Wc......
......cO<<.....
..(c.pHOO.<....
....ppp*<<.....
#####QlC.....##


#))Cpcpe..QC. #@)(#N...#..C #†#.#....# C# #p#.#....# # .$#.#....# #.# #.. #.#
..# You could see an ironheart preserver, a sphinx, a stone giant, a vault
warden, a tengu reaver, a vault guard, an ettin, a flayed ghost, an ogre mage, a
deep elf demonologist, 2 ironbrand convokers, 3 yaktaurs, a basilisk shaped
shifter, 2 ogres, a glaive of venom and a battlesphere.

Vanquished Creatures
  Saint Roka (Vaults:4)
  The ghost of microfolk the Sniper, a veteran KoBe of Trog (Vaults:4)
  A tentacled monstrosity (Vaults:5)
  A deep elf blademaster (Elf:2)
  3 sphinxes
  Polyphemus (Shoals:2)
  Roxanne (Shoals:2)
  Agnes (Snake:2)
  A shadow dragon (Vaults:4)
  Ilsuiw (Shoals:3)
  Donald (Shoals:2)
  A fire giant (Vaults:4)
  2 balrugs (Abyss:3)
  3 deep elf sorcerers
  4 vault wardens
  3 orc warlords
  3 frost giants
  The ghost of Pawles22 the Acrobat, an adept SpBe of Trog (Snake:4)
  9 nagarajas (Snake:4)
  Aizul (Snake:3)
  Louise (Snake:3)
  A deep elf elementalist (Vaults:4)
  7 ironheart preservers
  4 stone giants
  An entropy weaver (Vaults:1)
  A deep elf demonologist (Vaults:2)
  The ghost of CitizenNev the Protected, a journeyman DsFi of Okawaru (Orc:1)
  3 deep elf annihilators
  Azrael (D:13)
  4 merfolk javelineers
  5 ettins
  A fire dragon (Vaults:4)
  11 merfolk impalers
  2 yaktaur captains
  A great orb of eyes (Vaults:1)
  Josephine (D:12)
  The ghost of Threepwind the Cleaver, a journeyman MiBe of Trog (Lair:2)
  A hydra (shapeshifter) (Vaults:4)
  3 rakshasas
  Erolcha (D:10)
  2 deep elf high priests (Elf:1)
  Harold (D:12)
  24 vault guards
  11 naga warriors
  10 hydras
  12 anacondas
  A merfolk avatar (Shoals:2)
  2 ice dragons
  A catoblepas (Shoals:2)
  2 merfolk aquamancers (Shoals:4)
  8 centaur warriors
  6 ogre magi
  24 dancing weapons
  A death knight (Vaults:4)
  14 two-headed ogres
  3 deep troll shamans
  A satyr (Shoals:3)
  2 tengu warriors (D:14)
  2 thrashing horrors (Abyss:3)
  4 death yaks
  An orc high priest (Elf:1)
  7 naga sharpshooters
  22 deep elf knights
  A sun demon (Abyss:3)
  2 shock serpents (Snake:4)
  10 sea snakes
  6 skeletal warriors
  An unseen horror (D:12)
  A salamander mystic (Snake:4)
  An unseen horror (shapeshifter) (Vaults:3)
  6 deep trolls
  A deep troll (shapeshifter) (Vaults:4)
  2 wizards (Vaults:2)
  7 naga ritualists
  13 orc knights
  16 deep elf archers
  An anaconda skeleton (Volcano)
  A tengu zombie (Vaults:2)
  3 wolf spiders
  The ghost of Bnni the Grasshopper, a novice GnWr (D:6)
  A large abomination (Abyss:3)
  2 necromancers
  A stone giant zombie (Vaults:2)
  14 harpies
  2 frost giant zombies (Vaults:4)
  5 ironbrand convokers
  13 manticores
  3 orc sorcerers
  40 deep elf magi
  31 ugly things
  12 elephants
  11 fauns
  13 cyclopes
  A worldbinder (Abyss:3)
  12 mana vipers
  8 salamanders
  A black mamba (shapeshifter) (Vaults:3)
  A centaur zombie (D:10)
  6 water nymphs
  18 naga magi
  8 vault sentinels
  40 black mambas
  5 merfolk sirens
  Maurice (D:12)
  4 gargoyles (Volcano)
  4 guardian serpents
  19 spiny frogs
  A toenail golem (Volcano)
  A torpor snail (D:8)
  A guardian serpent (shapeshifter) (Vaults:2)
  A storm dragon simulacrum (Vaults:4)
  2 centaur skeletons
  A komodo dragon (shapeshifter) (D:15)
  4 komodo dragons
  A rime drake (Lair:1)
  14 yaktaurs
  5 freezing wraiths
  A red devil (Abyss:3)
  7 trolls
  A polar bear (shapeshifter) (Vaults:3)
  An ancient zyme (Abyss:3)
  8 polar bears (Lair:6)
  21 merfolk
  3 harpy skeletons (Volcano)
  18 blink frogs
  7 slime creatures (Vaults:1)
  6 hornets
  7 raiju
  5 dream sheep
  6 hippogriffs
  3 snapping turtles
  10 redbacks
  A flying skull (Volcano)
  A tarantella (Vaults:2)
  8 water elementals
  A vampire (D:13)
  4 air elementals
  2 spriggans (shapeshifter)
  8 wraiths
  2 basilisks
  A yak (shapeshifter) (Vaults:1)
  15 wyverns
  5 fire elementals
  31 yaks
  2 hungry ghosts
  A steam dragon (D:14)
  17 wargs
  3 vampire mosquitoes (D:14)
  A soldier ant (shapeshifter) (D:14)
  4 acid dragons
  49 nagas
  21 water moccasins
  15 hell hounds
  A soldier ant (D:12)
  2 ice beasts
  2 human zombies
  11 porcupines
  A hornet zombie (D:11)
  47 orc warriors
  An eye of draining (shapeshifter) (Vaults:1)
  5 sky beasts
  A swamp drake (D:10)
  11 black bears
  2 necrophages
  30 ogres
  An ettin simulacrum (Vaults:3)
  An eye of draining (D:15)
  A phantom (D:6)
  24 wolves
  15 centaurs
  An elf skeleton (Vaults:2)
  A small abomination (Abyss:3)
  9 crocodiles
  5 big kobolds
  20 bullfrogs
  A gnoll sergeant (D:5)
  4 earth elementals
  A water moccasin zombie (D:3)
  3 wyvern skeletons
  6 scorpions
  11 killer bees
  An orc simulacrum (Vaults:1)
  A spriggan skeleton (Volcano)
  8 wights
  6 electric eels
  A troll skeleton (Volcano)
  5 crimson imps
  2 howler monkeys
  3 jellies
  A quasit (Abyss:3)
  2 bullfrog skeletons
  4 hounds
  13 orc priests
  3 iguanas
  32 orc wizards
  7 worker ants
  7 hell rats
  5 naga skeletons (Volcano)
  3 gnolls (D:10)
  12 river rats
  11 adders
  A shadow imp (D:8)
  An ooze (Sewer)
  An adder zombie (D:9)
  An adder skeleton (D:4)
  A worm (D:2)
  4 dart slugs
  5 leopard geckos
  113 orcs
  12 ball pythons
  8 giant cockroaches
  5 goblins
  7 hobgoblins
  3 jackals
  28 kobolds
  2 quokkas
  5 bats
  4 frilled lizards
  A jackal skeleton (D:4)
  33 rats
  3 fungi
  12 plants
1523 creatures vanquished.

Vanquished Creatures (collateral kills)
  A sphinx (Vaults:4)
  A nagaraja (Snake:4)
  A frost giant (D:15)
  2 ironheart preservers
  3 stone giants
  An entropy weaver (Vaults:2)
  A deep elf high priest (Elf:1)
  A yaktaur captain (Vaults:1)
  A vault guard (Vaults:1)
  A naga warrior (Snake:4)
  2 hydras (Lair:6)
  A merfolk aquamancer (Shoals:1)
  An anaconda (Snake:3)
  A two-headed ogre (D:11)
  A death yak (Lair:6)
  A tengu warrior (D:14)
  A shock serpent (Snake:4)
  A deep elf knight (Elf:1)
  A shadow wraith (Vaults:2)
  2 sea snakes
  A skeletal warrior (D:12)
  A wizard (Vaults:1)
  A flayed ghost (Vaults:2)
  A deep troll (Vaults:4)
  A deep elf archer (Elf:1)
  A harpy (Shoals:1)
  2 deep elf magi
  A mana viper (Snake:4)
  A wolf spider (Vaults:1)
  An ugly thing (D:14)
  2 fauns
  2 manticores
  7 black mambas
  A cyclops (Orc:2)
  2 naga magi
  A merfolk siren (Shoals:3)
  A guardian serpent (Snake:4)
  A centaur skeleton (D:12)
  Psyche (D:11)
  A guardian serpent (shapeshifter) (Vaults:4)
  A yaktaur (Vaults:1)
  6 merfolk
  A troll (D:10)
  A polar bear (Lair:6)
  Grinder (D:5)
  A polar bear (shapeshifter) (D:14)
  A blink frog (Lair:3)
  2 hippogriffs
  A flying skull (Volcano)
  A redback (Vaults:1)
  A wyvern (Lair:3)
  A basilisk (Lair:3)
  A fire elemental (D:13)
  3 yaks
  A warg (Orc:2)
  A vampire mosquito (D:14)
  4 nagas
  2 water moccasins
  A hell hound (Lair:6)
  4 porcupines
  2 black bears
  4 orc warriors
  A sky beast (D:8)
  2 ice beasts
  A necrophage (D:10)
  4 ogres
  A wolf (Lair:6)
  4 centaurs
  A crocodile (Lair:6)
  An earth elemental (Elf:2)
  4 bullfrogs
  A scorpion (D:9)
  2 killer bees
  A wight (D:5)
  An electric eel (Snake:2)
  A hound (D:10)
  2 jellies
  3 orc priests
  8 orc wizards
  2 iguanas
  A hell rat (Lair:6)
  3 worker ants
  2 adders
  A river rat (Lair:2)
  An adder skeleton (D:5)
  A worm (D:4)
  A dart slug (D:4)
  A leopard gecko (D:3)
  19 orcs
  3 ball pythons (Sewer)
  2 giant cockroaches (D:4)
  3 jackals (D:6)
  A frilled lizard (D:3)
  A kobold (D:3)
  6 rats (Sewer)
  A fungus (Lair:6)
  3 plants
186 creatures vanquished.

Vanquished Creatures (others)
  A satyr (Shoals:1)
  A deep elf knight (Elf:1)
  A deep elf mage (Elf:1)
  An ugly thing (D:13)
  A yaktaur (Vaults:1)
  A flying skull (Volcano)
  A tarantella (Vaults:1)
  A naga (Snake:4)
  An orc priest (Elf:1)
  40 hexers
  3 ancestors
  An orc (Elf:1)
  90 fungi
  53 plants
196 creatures vanquished.

Grand Total: 1905 creatures vanquished

Notes
Turn   | Place    | Note
-------+----------+-------------------------------------------
     0 | D:1      | toffzen the Minotaur Warper began the quest for the Orb.
     0 | D:1      | Reached XP level 1. HP: 18/18 MP: 1/1
   105 | D:1      | Reached XP level 2. HP: 25/25 MP: 3/3
   490 | D:1      | Reached XP level 3. HP: 27/30 MP: 4/4
   757 | D:2      | Found a hide-covered altar of Uskayaw.
   856 | D:2      | Reached skill level 2 in Armour
  1193 | D:2      | Found a hazy altar of Hepliaklqana.
  1194 | D:2      | Found a shimmering altar of Xom.
  1194 | D:2      | Noticed a yak
  1195 | D:2      | Noticed a spectral ugly thing
  1195 | D:2      | Noticed a yak
  1199 | D:2      | Became a worshipper of Hepliaklqana the Forgotten
  1495 | D:3      | Reached XP level 4. HP: 34/34 MP: 5/5
  1797 | D:3      | Reached skill level 1 in Shields
  1797 | D:3      | Reached XP level 5. HP: 38/40 MP: 6/6
  1862 | D:3      | Noticed toffzen's ghost (amateur GnWn)
  2368 | D:4      | Reached * piety under Hepliaklqana
  2762 | D:4      | Found a deep blue altar of Sif Muna.
  2804 | D:4      | Reached skill level 3 in Armour
  2809 | D:4      | Found a glowing drain.
  2821 | Sewer    | Entered a sewer
  3938 | Sewer    | Reached XP level 6. HP: 34/46 MP: 7/7
  3942 | Sewer    | Reached skill level 5 in Axes
  5053 | D:5      | Entered Level 5 of the Dungeon
  5308 | D:5      | You fall through a shaft for 2 floors!
  5377 | D:5      | Noticed Grinder
  5388 | D:5      | Reached XP level 7. HP: 49/54 MP: 8/8
  5404 | D:5      | Paralysed by Grinder for 2 turns
  5405 | D:5      | Killed Grinder
  5405 | D:5      | Reached skill level 4 in Armour
  5471 | D:5      | Noticed Blork the orc
  5698 | D:5      | Reached ** piety under Hepliaklqana
  5715 | D:5      | Remembered your ancestor Sideshow Bob as a hexer
  6291 | D:5      | Reached skill level 5 in Fighting
  6328 | D:6      | Reached XP level 8. HP: 59/61 MP: 9/9
  6450 | D:6      | Reached skill level 5 in Armour
  6468 | D:6      | Reached skill level 5 in Dodging
  6925 | D:6      | Found a staircase to the Ecumenical Temple.
  7041 | D:6      | Noticed Bnni's ghost (novice GnWr)
  7100 | D:6      | Killed Bnni's ghost
  7100 | D:6      | Reached skill level 6 in Armour
  7100 | D:6      | Reached XP level 9. HP: 40/69 MP: 10/10
  7252 | D:6      | Found a shadowy altar of Dithmenos.
  7724 | D:7      | Found Toqan's General Store.
  8590 | D:8      | Reached skill level 10 in Axes
  8593 | D:8      | Reached skill level 7 in Armour
  8612 | D:8      | Noticed a two-headed ogre
  8624 | D:8      | Noticed a torpor snail
  8624 | D:8      | a two-headed ogre changed into a torpor snail
  8690 | D:8      | Reached *** piety under Hepliaklqana
  8742 | D:8      | Killed a torpor snail
  8914 | D:8      | Reached XP level 10. HP: 68/79 MP: 11/11
  9003 | D:8      | Found a hazy altar of Hepliaklqana.
  9753 | D:9      | Reached skill level 8 in Armour
  9892 | D:9      | Found a white marble altar of Elyvilon.
  9892 | D:9      | Found a sparkling altar of Nemelex Xobeh.
  9897 | D:9      | Found a shadowy altar of Dithmenos.
  9899 | D:9      | Found an iron altar of Okawaru.
  9900 | D:9      | Found a radiant altar of Vehumet.
 10031 | D:10     | Entered Level 10 of the Dungeon
 10174 | D:10     | Reached skill level 1 in Invocations
 10516 | D:10     | Found a staircase to the Lair.
 10520 | D:10     | Noticed Erolcha
 10599 | D:10     | Killed Erolcha
 10599 | D:10     | Reached skill level 9 in Armour
 10599 | D:10     | Reached XP level 11. HP: 54/87 MP: 12/12
 11503 | D:10     | Found a staircase to the Orcish Mines.
 11829 | D:11     | Noticed a deep elf mage
 11831 | D:11     | Noticed a two-headed ogre
 11835 | D:11     | Killed a deep elf mage
 11838 | D:11     | Killed a two-headed ogre
 12017 | D:11     | Noticed a red ugly thing
 12031 | D:11     | Killed a red ugly thing
 12217 | D:11     | Reached **** piety under Hepliaklqana
 12498 | D:11     | Noticed Psyche
 12499 | D:11     | Paralysed by Psyche for 4 turns
 12506 | D:11     | Killed Psyche
 12685 | Lair:1   | Entered Level 1 of the Lair of Beasts
 12796 | Lair:1   | Reached skill level 10 in Fighting
 13083 | Lair:1   | Noticed an eight-headed hydra
 13083 | Lair:1   | Reached skill level 10 in Armour
 13126 | Lair:1   | Killed a 12-headed hydra
 14125 | D:12     | Reached XP level 12. HP: 93/96 MP: 13/13
 14137 | D:12     | Noticed Harold
 14354 | D:12     | Killed Harold
 14422 | D:11     | Reached skill level 10 in Dodging
 14626 | D:12     | Found Waqoch's Assorted Antiques.
 14642 | D:12     | Noticed Maurice
 14659 | D:12     | Killed Maurice
 15021 | D:12     | Found Ritzerux's Antique Weapon Shoppe.
 15024 | D:12     | Bought a pitted broad axe for 234 gold pieces
 15024 | D:12     | Identified the +3 broad axe "Hewn" {drain, Str+6 Stlth-} (You bought it in a shop on level 12 of the Dungeon)
 15026 | D:12     | Found Lyrchaur's Distillery.
 15036 | D:12     | Bought a potion of agility for 48 gold pieces
 15036 | D:12     | Bought a potion of heal wounds for 60 gold pieces
 15036 | D:12     | Bought a potion of might for 48 gold pieces
 15036 | D:12     | Bought a potion of berserk rage for 60 gold pieces
 15055 | D:12     | Found Soigeiro's Magic Scroll Boutique.
 15315 | D:12     | Reached ***** piety under Hepliaklqana
 15524 | D:12     | Bought a scroll of identify for 28 gold pieces
 15524 | D:12     | Bought a scroll of teleportation for 42 gold pieces
 15524 | D:12     | Bought a scroll of teleportation for 42 gold pieces
 15545 | D:12     | Reached skill level 11 in Armour
 15548 | D:12     | Found a glowing silver altar of Zin.
 15840 | D:12     | Found Naplynoh's Assorted Antiques.
 15876 | D:12     | Reached skill level 15 in Axes
 16044 | D:13     | Noticed Josephine
 16055 | D:13     | Noticed a two-headed ogre
 16068 | D:12     | Killed Josephine
 16586 | D:13     | Noticed a two-headed ogre
 16597 | D:13     | Killed a two-headed ogre
 17281 | D:13     | Noticed Azrael
 17285 | D:13     | Reached XP level 13. HP: 105/105 MP: 14/14
 17295 | D:13     | Killed Azrael
 18171 | Orc:1    | Entered Level 1 of the Orcish Mines
 18448 | D:12     | Bought a scroll of remove curse for 42 gold pieces
 18805 | Orc:2    | Entered Level 2 of the Orcish Mines
 18811 | Orc:2    | Noticed a stone giant
 18814 | Orc:2    | Noticed a stone giant
 19216 | Lair:2   | Found a staircase to the Snake Pit.
 19355 | Lair:2   | Noticed Threepwind's ghost (journeyman MiBe)
 19367 | Lair:2   | Killed Threepwind's ghost
 19554 | Lair:2   | Reached skill level 12 in Armour
 20362 | Lair:3   | Found a staircase to the Shoals.
 20534 | Lair:3   | Found a dark tunnel.
 20542 | Volcano  | Entered a volcano
 22176 | Lair:4   | Found a hide-covered altar of Uskayaw.
 22221 | Lair:4   | Reached XP level 14. HP: 98/114 MP: 13/15
 23362 | Lair:5   | Reached ****** piety under Hepliaklqana
 23711 | Lair:5   | Reached skill level 13 in Armour
 24477 | Lair:6   | Entered Level 6 of the Lair of Beasts
 25234 | Lair:6   | Got a pair of crude gloves
 25252 | Lair:6   | Identified the +1 pair of gloves of Restlessness {rPois Dex+2} (You found it on level 6 of the Lair of Beasts)
 25729 | Lair:6   | Found a runed door.
 25730 | Lair:6   | Found a viscous altar of Jiyva.
 25732 | Lair:6   | Found a staircase to the Slime Pits.
 26177 | Lair:6   | Reached XP level 15. HP: 102/123 MP: 13/16
 26344 | Lair:6   | Got a scintillating bone amulet
 26346 | Lair:6   | Identified the amulet of the Salmon {rPois MR+ Regen+ Int+3 Dex+4} (You found it on level 6 of the Lair of Beasts)
 26698 | Lair:6   | Reached skill level 14 in Armour
 27890 | D:14     | Found a gate to the Vaults.
 28442 | D:15     | Entered Level 15 of the Dungeon
 29004 | D:15     | Noticed a frost giant
 29004 | D:15     | Found a staircase to the Depths.
 29015 | D:15     | Killed a frost giant
 29987 | Orc:2    | Found Jon Bome's Antique Weapon Shoppe.
 30124 | Orc:2    | Found a roughly hewn altar of Beogh.
 30134 | Orc:2    | Found a staircase to the Elven Halls.
 30163 | Orc:2    | Found Anuyfy's Antique Armour Shop.
 30219 | Orc:2    | Found Osmiyn's Book Shoppe.
 30234 | Orc:2    | Reached skill level 5 in Invocations
 30239 | Orc:1    | Noticed CitizenNev's ghost (journeyman DsFi)
 30255 | Orc:1    | Killed CitizenNev's ghost
 30270 | Orc:1    | Noticed an orc warlord
 30390 | Orc:2    | Reached XP level 16. HP: 132/132 MP: 18/18
 30680 | Orc:2    | Found Cuptint's General Store.
 31211 | Orc:1    | Reached skill level 15 in Fighting
 31695 | Snake:1  | Entered Level 1 of the Snake Pit
 32493 | Snake:1  | Reached skill level 15 in Armour
 33461 | Snake:2  | Noticed Agnes
 33473 | Snake:2  | Killed Agnes
 33791 | Snake:2  | Found Dekkex's Distillery.
 33799 | Snake:2  | Bought a potion of agility for 72 gold pieces
 33799 | Snake:2  | Bought a potion of heal wounds for 90 gold pieces
 33799 | Snake:2  | Bought a potion of agility for 72 gold pieces
 33799 | Snake:2  | Bought a potion of heal wounds for 90 gold pieces
 33799 | Snake:2  | Bought 2 potions of might for 144 gold pieces
 33799 | Snake:2  | Bought a potion of heal wounds for 90 gold pieces
 33799 | Snake:2  | Bought a potion of haste for 180 gold pieces
 33799 | Snake:2  | Bought a potion of heal wounds for 90 gold pieces
 33799 | Snake:2  | Bought a potion of heal wounds for 90 gold pieces
 35715 | Snake:3  | Noticed Louise
 35728 | Snake:3  | Cast into level 3 of the Abyss (Louise)
 35728 | Abyss:3  | Found a corrupted altar of Lugonu.
 35964 | Abyss:3  | Reached skill level 15 in Dodging
 35971 | Snake:3  | Escaped the Abyss
 35984 | Snake:3  | Killed Louise
 36185 | Snake:3  | Reached skill level 16 in Armour
 36203 | Snake:3  | Reached XP level 17. HP: 102/142 MP: 19/22
 36937 | Snake:3  | Noticed Aizul
 36951 | Snake:3  | Killed Aizul
 37471 | Snake:4  | Entered Level 4 of the Snake Pit
 39487 | Snake:4  | Reached skill level 17 in Armour
 39876 | Snake:4  | Noticed Pawles22's ghost (adept SpBe)
 40307 | Snake:4  | Killed Pawles22's ghost
 41676 | Snake:4  | Got a serpentine rune of Zot
 42098 | Shoals:1 | Entered Level 1 of the Shoals
 42140 | Shoals:1 | Reached XP level 18. HP: 149/153 MP: 23/23
 43470 | Shoals:2 | Noticed Donald
 43470 | Shoals:2 | Noticed Roxanne
 43623 | Shoals:2 | Reached skill level 18 in Armour
 43894 | Shoals:2 | Killed Donald
 44252 | Shoals:2 | You fall through a shaft!
 44284 | Shoals:2 | Killed Roxanne
 44463 | Shoals:2 | Noticed Polyphemus
 44489 | Shoals:2 | Killed Polyphemus
 44945 | Shoals:3 | Noticed Ilsuiw
 45425 | Shoals:3 | Killed Ilsuiw
 46505 | Shoals:4 | Entered Level 4 of the Shoals
 47057 | Shoals:4 | Got a barnacled rune of Zot
 47370 | Vaults:1 | Entered Level 1 of the Vaults
 47562 | Vaults:1 | Reached skill level 19 in Armour
 47562 | Vaults:1 | Reached XP level 19. HP: 102/163 MP: 24/24
 49349 | Vaults:1 | Identified 2 scrolls of acquirement
 49364 | Vaults:1 | Got an encrusted crystal plate armour
 49377 | Vaults:1 | Identified the +3 crystal plate armour of Objectivity {+Blink rPois rF- MR++} (You acquired it on level 1 of the Vaults)
 50121 | Vaults:2 | Reached skill level 1 in Evocations
 51061 | Vaults:2 | Found Ofen Aqo's Gadget Shop.
 52016 | Vaults:3 | Found a staircase to the Crypt.
 52016 | Vaults:3 | Found an ancient bone altar of Kikubaaqudgha.
 52017 | Vaults:3 | Found a basalt altar of Yredelemnul.
 52737 | Vaults:3 | Found a portal to a secret trove of treasure.
 53117 | Vaults:4 | Reached skill level 20 in Armour
 53186 | Vaults:4 | Reached XP level 20. HP: 147/173 MP: 21/25
 54161 | Vaults:4 | Noticed Saint Roka
 54175 | Vaults:4 | Killed Saint Roka
 54175 | Vaults:4 | Reached skill level 5 in Evocations
 54485 | Vaults:4 | Noticed microfolk's ghost (veteran KoBe)
 54518 | Vaults:4 | Killed microfolk's ghost
 54662 | Vaults:4 | Found Gussoed's Jewellery Shop.
 55309 | Elf:1    | Entered Level 1 of the Elven Halls
 55676 | Elf:1    | Reached skill level 21 in Armour
 56361 | Elf:1    | Gained mutation: Armour fits poorly on your strangely shaped body. [a neqoxec]
 56417 | Elf:1    | HP: 1/175 [deep elf mage/bolt of lightning (18)]
 58177 | Elf:2    | Found a huge runed gate.
 58179 | Elf:2    | Found a huge runed gate.
 58182 | Elf:2    | Found a huge runed gate.
 58390 | Elf:2    | Found a huge runed gate.
 58767 | Elf:2    | Reached XP level 21. HP: 179/182 MP: 24/26
 59899 | Vaults:5 | Entered Level 5 of the Vaults
 59914 | Vaults:4 | Reached skill level 22 in Armour
 60710 | Vaults:5 | Hit by a large rock thrown by a stone giant

Skill      XL: |  1  2  3  4  5  6  7  8  9 10 11 12 13 14 15 16 17 18 19 20 21 |
---------------+----------------------------------------------------------------+-----
Axes           | 3 4 5 7 8 10 12 14 15 17 18 19 20 21 | 21.8
Fighting       | 3 4 5 6 7 9 10 11 12 13 14 16 17 19 20 21 | 21.2
Armour         | 2 3 4 6 7 9 10 11 12 13 14 16 17 19 20 21 22 | 22.4
Dodging        | 3 4 5 7 8 9 10 12 13 15 16 17 18 19 | 19.7
Shields        | 1 2 3 4 |  4.0
Invocations    | 2 3 5 8 |  8.0
Evocations     | 4 5 6 |  6.2
Throwing       | |  1.0
Spellcasting   | |  1.3
Translocations | |  2.1

Action                   |  1- 3 |  4- 6 |  7- 9 | 10-12 | 13-15 | 16-18 | 19-21 || total
-------------------------+-------+-------+-------+-------+-------+-------+-------++-------
Melee: Hand axe          |    74 |       |       |       |       |       |       ||    74
       Headbutt          |    21 |    25 |    54 |   123 |   195 |   343 |   274 ||  1035
       War axe           |    37 |   180 |   255 |   314 |       |       |       ||   786
       Battleaxe         |       |       |       |   311 |   985 |  1441 |  1165 ||  3902
       Broad axe         |       |       |       |     8 |       |       |       ||     8
Throw: Tomahawk          |     1 |     3 |     1 |       |       |       |       ||     5
       Stone             |       |       |     5 |     4 |       |     3 |     3 ||    15
Invok: Ancestor Identity |     1 |       |       |       |       |       |       ||     1
       Recall Ancestor   |       |     2 |     5 |     1 |     3 |     5 |     1 ||    17
       Ancestor Life: He |       |       |     1 |       |       |       |       ||     1
Evoke: Wand              |       |       |     2 |    13 |    12 |    18 |     5 ||    50
       Lightning rod     |       |       |       |       |     6 |     8 |     2 ||    16
  Use: Scroll            |       |    10 |     7 |    11 |    11 |     9 |    15 ||    63
       Potion            |       |     1 |     2 |     6 |    10 |    17 |     9 ||    45
 Stab: Distracted        |       |     1 |     5 |     7 |    18 |    21 |     9 ||    61
       Confused          |       |       |     5 |     4 |     6 |     5 |    51 ||    71
       Paralysed         |       |       |       |     3 |    14 |    32 |    26 ||    75
       Petrified         |       |       |       |       |       |     4 |       ||     4
  Eat: Chunk             |     2 |     2 |     6 |    12 |    11 |    18 |    22 ||    73
       Ration            |       |     3 |     2 |     5 |     9 |    11 |    10 ||    40
Armor: Scale mail        |    53 |    12 |       |       |       |       |       ||    65
       Plate armour      |       |   100 |   131 |   285 |   478 |   463 |    35 ||  1492
       Chain mail        |       |       |       |     3 |       |       |       ||     3
       Crystal plate arm |       |       |       |       |       |       |   407 ||   407
Dodge: Dodged            |    71 |    61 |    85 |   324 |   670 |   859 |   536 ||  2606
Block: Buckler           |     3 |    42 |    73 |    55 |       |       |       ||   173
       Other             |       |       |       |       |    48 |   182 |    98 ||   328
       Reflection        |       |       |       |       |     2 |    18 |    13 ||    33
